AoeStats
← KrawallUNDremmidemmi

Oasis

509173835Analyzed
3v3 RM · 6d ago on Sep 25, 2026· 50m 14s· 6 players
Game mode
Random Map
Map size
Normal (6 player)
Population
200
Speed
Normal
Resources
Standard
Victory
Conquest
Starting age
Dark Age
Ending age
Imperial Age
RankedLock teamsTeams togetherTeam positionsShared explorationLock speedFull tech treeHidden civsTurbo modeCheats
Victory
Defeat
🇩🇪 Vietnamese · Germany
1158
+14
🇬🇹 Khmer · Guatemala
1156
+14
🇬🇹 Byzantines · Guatemala
1119
+16
🇦🇹 Maya · Austria
1121
-15
🇨🇿 Mongols · Czechia
1120
-15
🇩🇪 Britons · Germany
1110
-14
Quelt
5:32 Loom
10:06 Feudal Age
10:37 Double-Bit Axe
11:48 Wheelbarrow
17:49 Castle Age
17:40 Forging
17:36 Scale Barding Armor
20:11 Bow Saw
24:11 Stone Mining
28:20 Horse Collar
31:25 Hand Cart
30:55 Town Watch
31:20 Heavy Plow
32:06 Stone Shaft Mining
31:24 Gold Mining
34:42 Imperial Age
32:53 Iron Casting
32:19 Scale Mail Armor
32:43 Chain Barding Armor
33:35 Nomads
33:40 Fletching
34:39 Ballistics
34:59 Husbandry
35:57 Conscription
35:00 Elite Steppe Lancer
35:53 Bloodlines
37:04 Blast Furnace
37:08 Masonry
38:45 Caravan
40:31 Hoardings
43:21 Drill
43:52 Gold Shaft Mining
43:20 Onager
46:13 Siege Onager
48:17 Bodkin Arrow
48:30 Siege Engineers
48:35 Fortified Wall
48:21 Murder Holes
Keviniert
10:38 Feudal Age
8:53 Loom
12:08 Double-Bit Axe
17:44 Castle Age
16:56 Fletching
17:08 Padded Archer Armor
21:38 Stone Mining
23:43 Horse Collar
28:14 Bow Saw
28:20 Heavy Plow
29:24 Bodkin Arrow
29:44 Leather Archer Armor
29:39 Scale Barding Armor
31:19 Wheelbarrow
30:44 Gold Mining
32:05 Husbandry
31:26 Light Cavalry
35:37 Imperial Age
33:29 Hand Cart
33:02 Town Watch
33:06 Treadmill Crane
33:48 Ballistics
36:05 Yeomen
36:47 Elite Longbowman
38:42 Chemistry
KrawallUNDremmidemmi
0:26 Loom
11:56 Feudal Age
13:19 Double-Bit Axe
17:52 Castle Age
18:03 Fletching
18:50 Crossbowman
20:19 Padded Archer Armor
23:19 Bow Saw
23:07 Horse Collar
24:57 Bodkin Arrow
29:46 Wheelbarrow
30:21 Ballistics
29:52 Eagle Warrior
31:12 Scale Mail Armor
31:26 Forging
32:21 Leather Archer Armor
33:39 Squires
36:57 Thumb Ring
40:12 Imperial Age
37:50 Arson
40:59 Bracer
40:22 Arbalester
42:21 Chemistry
40:58 Elite Eagle Warrior
Breach
6:06 Loom
9:02 Feudal Age
9:40 Double-Bit Axe
12:18 Town Watch
21:35 Castle Age
22:03 Fletching
22:15 Padded Archer Armor
21:37 Crossbowman
22:40 Bodkin Arrow
23:50 Bow Saw
25:00 Leather Archer Armor
26:37 Stone Mining
26:40 Gold Mining
29:08 Horse Collar
33:35 Ballistics
39:13 Imperial Age
37:47 Thumb Ring
39:53 Bracer
40:55 Chemistry
47:12 Arbalester
PhOeNiX
11:19 Feudal Age
14:50 Castle Age
13:17 Double-Bit Axe
14:05 Stone Mining
14:31 Gold Mining
19:07 Horse Collar
21:17 Bow Saw
20:57 Loom
23:03 Gold Shaft Mining
25:30 Husbandry
26:44 Scale Barding Armor
27:24 Heavy Plow
29:03 Wheelbarrow
31:33 Imperial Age
30:17 Chain Barding Armor
32:04 Hand Cart
32:02 Town Watch
33:07 Conscription
33:11 Double Crossbow
35:15 Chemistry
35:25 Siege Engineers
37:12 Bloodlines
36:23 Light Cavalry
37:58 Crop Rotation
38:58 Caravan
38:41 Elite Ballista Elephant
41:46 Forging
41:00 Hussar
43:53 Iron Casting
43:55 Plate Barding Armor
46:21 Blast Furnace
45:15 Elite Battle Elephant
47:33 Tusk Swords
48:55 Town Patrol
drdany
7:38 Loom
10:44 Feudal Age
11:20 Double-Bit Axe
20:00 Castle Age
18:18 Stone Mining
18:45 Horse Collar
19:22 Padded Archer Armor
21:08 Bow Saw
20:51 Elite Skirmisher
26:32 Fletching
26:58 Leather Archer Armor
27:09 Heavy Plow
30:01 Wheelbarrow
29:21 Gold Mining
33:31 Imperial Age
31:32 Bodkin Arrow
32:35 Hand Cart
34:51 Conscription
34:33 Imperial Skirmisher
35:35 Logistica
37:39 Chemistry
36:35 Murder Holes
36:58 Bracer
39:02 Ballistics
40:23 Elite Varangian Guard
43:46 Two-Man Saw
44:24 Gold Shaft Mining
44:25 Stone Shaft Mining
44:21 Logistica
44:20 Scale Barding Armor
44:26 Forging
44:32 Forging
46:45 Chain Barding Armor
47:01 Iron Casting
47:12 Squires
46:59 Gambesons
46:59 Arson
46:37 Pikeman
47:20 Scale Mail Armor
47:27 Scale Mail Armor
48:05 Plate Barding Armor
48:07 Iron Casting
48:31 Chain Mail Armor
48:54 Ring Archer Armor
49:15 Halberdier
Connection lost

Rejoining the realm…

Still unreachable

The connection could not be restored.

Session expired

The server has moved on; the page needs a fresh start.